 Dungeon Crawl Stone Soup version 0.30-a0-782-ge64f9170bb (webtiles) character file.

Game seed: 8582838318557453450

796 themarg the Firebug (level 7, -7/56 HPs)
             Began as a Demonspawn Fire Elementalist on Feb 18, 2023.
             Was a Follower of Vehumet.
             Mangled by an orc warrior
             ... wielding a +0 broad axe
              (15 damage)
             ... on level 5 of the Dungeon.
             The game lasted 00:16:07 (4411 turns).

themarg the Firebug (Demonspawn Fire Elementalist)  Turns: 4411, Time: 00:16:08

Health: -7/56      AC:  6    Str:  8    XL:     7   Next: 58%
Magic:  6/11       EV: 12    Int: 19    God:    Vehumet [*.....]
Gold:   225        SH:  0    Dex: 15    Spells: 9/12 levels left

rFire   . . .      SeeInvis .    d - +0 dagger
rCold   + . .      Faith    .    (no shield)
rNeg    . . .      Spirit   .    a - +0 robe
rPois   .          Reflect  .    (no helmet)
rElec   .          Harm     .    B - +2 cloak
rCorr   .          Rampage  .    (no gloves)
Will    .....                    t - +0 pair of boots
Stlth   ++                       p - amulet of magic regeneration
HPRegen 0.29/turn                y - ring of protection from cold
MPRegen 0.64/turn                (no ring)

@: confused, ambrosia-drunk
A: thin skeletal structure 1, magic regeneration
a: Renounce Religion


You were on level 5 of the Dungeon.
You worshipped Vehumet.
Vehumet was aware of your devotion.
You visited 1 branch of the dungeon, and saw 5 of its levels.

You collected 225 gold pieces.

Inventory:

Hand Weapons
 d - a +0 dagger (weapon)
Missiles
 g - 11 poisoned darts
 h - 51 stones
 i - 2 atropa-tipped darts
 l - 6 curare-tipped darts
 v - 11 boomerangs
 w - 3 javelins
Armour
 a - a +0 robe (worn)
 t - a +0 pair of boots (worn)
 B - a +2 cloak (worn)
 D - a +0 pair of gloves
Jewellery
 k - an amulet of the acrobat
 p - an amulet of magic regeneration (around neck)
 y - a ring of protection from cold (left hand)
 A - a ring of fire
Wands
 E - a wand of polymorph (10)
Scrolls
 c - a scroll of fog {unknown}
 e - a scroll of teleportation {unknown}
 m - 2 scrolls of silence {unknown}
 n - a scroll of torment {unknown}
 q - a scroll of blinking {unknown}
 r - a scroll of enchant armour {unknown}
 s - a scroll of noise {unknown}
 u - a scroll of poison {unknown}
Potions
 b - a potion of magic
 j - 2 potions of resistance
 o - a potion of experience {unknown}
 x - 3 potions of lignification {unknown}
 z - 3 potions of curing {unknown}
 C - a potion of heal wounds {unknown}


   Skills:
 - Level 5.0 Fighting
 - Level 1.7 Dodging
 - Level 2.0 Stealth
 - Level 3.0 Spellcasting
 + Level 4.1 Conjurations
 - Level 5.0 Fire Magic


You had 9 spell levels left.
You knew the following spells:

 Your Spells              Type           Power      Damage    Failure   Level
a - Foxfire               Conj/Fire      80%        2x1d8     2%          1
b - Scorch                Fire           42%        2d7       3%          2

Your spell library contained the following spells:

 Spells                   Type           Power      Damage    Failure   Level
 Magic Dart               Conj           72%        1d6       2%          1
 Sandblast                Erth           4%         2d4       16%         1
 Inner Flame              Hex/Fire       12%        N/A       16%         3
 Stone Arrow              Conj/Erth      20%        3d8       21%         3
 Ensorcelled Hibernation  Hex/Ice        4%         N/A       22%         2
 Passwall                 Tmut/Erth      1%         N/A       22%         2
 Kindle Blastsparks       Fire/Tloc/Air  18%        2d11      24%         3
 Flame Wave               Conj/Fire      20%        2d7       24%         4
 Sticky Flame             Conj/Fire      20%        2d4       24%         4
 Swiftness                Air            2%         N/A       41%         3
 Cause Fear               Hex            1%         N/A       83%         4
 Manifold Assault         Tloc           2%         N/A       83%         4
 Irradiate                Conj/Tmut      5%         3d13      88%         5
 Blade Hands              Tmut           1%         N/A       99%         5
 Dragon Form              Tmut           1%         N/A       100%        7
 Discord                  Hex            1%         N/A       100%        8


Dungeon Overview and Level Annotations

Branches:
Dungeon (5/15)
 Temple: D:4-7

Altars:
Cheibriados
Dithmenos
Hepliaklqana
Kikubaaqudgha
Ru
Sif Muna
Vehumet

Shops:
D:3 *

Annotations:
D:2 Natasha


Innate Abilities, Weirdness & Mutations

You have a somewhat thin skeletal structure. (Dex +2, Stealth+)
You regenerate magic rapidly.


Message History

The orc warrior completely misses you.
Flames lash the orc warrior.
The orc warrior is moderately wounded.
The orc warrior's fire resistance burns away.
The orc warrior closely misses you.
Flames lash the orc warrior.
The orc warrior is burned terribly!
The orc warrior is heavily wounded.
The orc warrior completely misses you.
You conjure some foxfire!
The orc warrior hits you with a +0 broad axe!
The orc warrior hits your foxfire with a +0 broad axe.
The orc warrior barely misses your foxfire.
Flames lash the orc warrior but do no damage.
The foxfire hits the orc warrior but does no damage.
The orc warrior is heavily wounded.
The foxfire hits the orc warrior but does no damage.
The orc warrior is heavily wounded.
The orc warrior hits you with a +0 broad axe!
You conjure some foxfire!
The orc warrior closely misses you.
The orc warrior barely misses your foxfire.
You hit the orc warrior but do no damage.
The orc warrior is heavily wounded.
The foxfire hits the orc warrior but does no damage.
The orc warrior is heavily wounded.
The foxfire hits the orc warrior but does no damage.
The orc warrior is heavily wounded.
The orc warrior barely misses you.
Aiming: Polymorph
Press: ? - help, Shift-Dir - straight line, f - orc warrior
Aim: an orc warrior, wielding a +0 broad axe and wearing a +0 plate armour (heavily wounded, more vulnerable to fire, will become a scorpion, a water moccasin, or a swamp drake, chance to affect: 49%)
The orc warrior resists with some effort.
The orc warrior hits you with a +0 broad axe!
Flames lash the orc warrior.
The orc warrior is burned terribly!
The orc warrior is severely wounded.
The orc warrior hits you with a +0 broad axe!
* * * LOW HITPOINT WARNING * * *
You are confused.
You feel invigorated.
The orc warrior hits you with a +0 broad axe!
You die...

.....# ####.# #.# #.#
##### #.# #...# #.# #...#
####.# #...# .#
...#.######...#######...##
................@o..)...>#
##.#.######.......###)...#
#.#.# ####....# ..# #.#)#
#....# .# #.#.# #....# .#
#.#.###### #....# .#
#........# #....# #.#
####.####.# #....# ###..
..o..# ##.... ...#


You could see an orc warrior (combustible).

Vanquished Creatures
  An ice beast (D:5)
  An ogre (D:4)
  A phantom (D:5)
  A centaur (D:5)
  A necrophage (D:5)
  A scorpion (D:5)
  A hound (D:4)
  A gnoll bouda (D:5)
  3 orc priests (D:5)
  An orc wizard (D:5)
  An adder (D:5)
  7 gnolls (D:5)
  2 worms
  A dart slug (D:3)
  9 orcs
  2 bats
  4 endoplasms
  3 giant cockroaches
  5 goblins
  5 hobgoblins
  4 jackals
  A quokka (D:1)
  10 ball pythons
  3 frilled lizards (D:3)
  11 kobolds
  7 rats
87 creatures vanquished.

Vanquished Creatures (others)
  109 foxfires
  7 plants (D:3)
116 creatures vanquished.

Grand Total: 203 creatures vanquished

Notes
Turn   | Place    | Note
-------+----------+-------------------------------------------
     0 | D:1      | themarg the Demonspawn Fire Elementalist began the quest
                  | for the Orb.
     0 | D:1      | Reached XP level 1. HP: 13/13 MP: 3/3
   208 | D:1      | Found a faded altar of an unknown god.
   247 | D:1      | You fall into a shaft and drop 1 floor!
   432 | D:1      | Gained mutation: You have a somewhat thin skeletal
                  | structure. (Dex +2, Stealth+) [demonic ancestry]
   432 | D:1      | Reached XP level 2. HP: 19/19 MP: 0/5
   435 | D:1      | Learned a level 2 spell: Scorch
  1232 | D:2      | Reached XP level 3. HP: 24/24 MP: 1/6
  1641 | D:2      | Noticed Natasha
  1771 | D:2      | Found a sacrificial altar of Ru.
  2220 | D:3      | Found Weifown's Assorted Antiques.
  2492 | D:3      | Found a radiant altar of Vehumet.
  2504 | D:3      | Became a worshipper of Vehumet
  2644 | D:3      | Found an ancient bone altar of Kikubaaqudgha.
  2664 | D:3      | Found a snail-covered altar of Cheibriados.
  2795 | D:3      | Reached XP level 4. HP: 30/30 MP: 4/7
  3201 | D:4      | Found a shadowy altar of Dithmenos.
  3202 | D:4      | Noticed a shadow
  3205 | D:4      | Found a hazy altar of Hepliaklqana.
  3225 | D:4      | Reached * piety under Vehumet
  3225 | D:4      | Offered knowledge of Magic Dart by Vehumet.
  3475 | D:4      | Noticed an ogre
  3484 | D:4      | Killed an ogre
  3485 | D:4      | Reached skill level 5 in Fire Magic
  3485 | D:4      | Reached skill level 1 in Fighting
  3485 | D:4      | Reached XP level 5. HP: 37/37 MP: 4/9
  3551 | D:5      | Entered Level 5 of the Dungeon
  3707 | D:5      | Found a shimmering blue altar of Sif Muna.
  3856 | D:5      | Got the Compendium of Molten Position
  3899 | D:5      | Reached XP level 6. HP: 47/47 MP: 6/10
  4066 | D:5      | Noticed an ice beast
  4081 | D:5      | Killed an ice beast
  4082 | D:5      | Reached skill level 5 in Fighting
  4082 | D:5      | Gained mutation: You regenerate magic rapidly. [demonic
                  | ancestry]
  4082 | D:5      | Reached XP level 7. HP: 56/56 MP: 6/11
  4411 | D:5      | Mangled by an orc warrior

Illustrated notes

Levels and vault maps discovered:
D:1:      dpeg_arrival_orchard, layout_loops_cross,
          ebering_ecumenical_altar_webs
D:2:      layout_loops_ring, basic_altar, uniq_natasha
D:3:      layout_rooms, mainiacjoe_overflow_boulevard, nicolae_vehumet_radiance,
          cheibriados_altar_1, kiku_gazebo_pond_becter, serial_shops,
          nicolae_square_shop, lexackson_kobold_supper
D:4:      layout_loops_ring, riverfiend_overflow_shadow_ancestor,
          nicolae_kite_square_tiling_tiny, minmay_misc_feat_cross
D:5:      layout_basic, nicolae_sif_muna_condensation

Skill      XL: |  1  2  3  4  5  6  7 |
---------------+----------------------+-----
Stealth        | 2 |  2.0
Fire Magic     | 3 4 5 |  5.0
Fighting       | 1 3 5 |  5.0
Spellcasting   | 3 |  3.0
Conjurations   | 4 |  4.1
Dodging        | |  1.7

Action                     |  1- 3 |  4- 6 |  7- 9 || total
---------------------------+-------+-------+-------++-------
  Melee: Dagger            |    14 |     4 |     2 ||    20
   Cast: Foxfire           |    45 |    20 |     5 ||    70
         Scorch            |    33 |    35 |    29 ||    97
  Evoke: Wand              |       |       |     1 ||     1
    Use: Scroll            |       |     2 |       ||     2
         Potion            |       |       |     1 ||     1
   Stab: Sleeping          |     1 |       |       ||     1
 Armour: Robe              |     7 |     3 |     4 ||    14
  Dodge: Dodged            |    30 |     7 |    15 ||    52

Table legend: (Time is in decaauts)
 A = Elapsed time spent in this place.
 B = Non-inter-level travel time spent in this place.
 C = Inter-level travel time spent in this place.
 D = Time resting spent in this place.
 E = Time spent auto-exploring this place.
 F = Levels seen in this place.
 G = Mean time per level.
                   A        B        C        D        E       F      G
               +--------+--------+--------+--------+--------+-----+--------+
         Total |   4410 |   4307 |    103 |    394 |   3092 |   5 |  882.0 |
       Dungeon |   4410 |   4307 |    103 |    394 |   3092 |   5 |  882.0 |
               +--------+--------+--------+--------+--------+-----+--------+

Top non-repeatable levels by time:
     D:2: 1211 daAuts
     D:1: 1119 daAuts
     D:5: 859 daAuts
     D:4: 679 daAuts
     D:3: 541 daAuts
